 Dungeon Crawl Stone Soup version 0.24-a0-170-gd8427f5 (webtiles) character file.

Game seed: 6799541571852758392

627 XanderDroid the Chopper (level 7, 0/61 HPs)
             Began as a Minotaur Berserker on Mar 11, 2019.
             Was a Priest of Trog.
             Slain by a yak (1 damage)
             ... on level 5 of the Dungeon.
             The game lasted 00:07:21 (3194 turns).

XanderDroid the Chopper (Minotaur Berserker)        Turns: 3194, Time: 00:07:21

Health: 0/61       AC: 15    Str: 23    XL:     7   Next: 23%
Magic:  6/6        EV:  8    Int:  4    God:    Trog [***...]
Gold:   257        SH:  0    Dex: 12    Spells: 6/6 levels left

rFire    . . .     SeeInvis .   a - +1 war axe
rCold    . . .     Gourm    .   (no shield)
rNeg     . . .     Faith    .   k - +0 plate armour
rPois    .         Spirit   .   (helmet restricted)
rElec    .         Reflect  .   (no cloak)
rCorr    .         Harm     .   (no gloves)
MR       .....                  (no boots)
Stlth    ..........             (no amulet)
HPRegen  0.20/turn              o - +2 ring of dexterity
MPRegen  0.10/turn              t - +3 ring of protection

@: berserk cooldown
A: retaliatory headbutt, horns 2
a: Berserk, Trog's Hand, Renounce Religion


You were on level 5 of the Dungeon.
You worshipped Trog.
Trog was most pleased with you.
You were very hungry.

You visited 1 branch of the dungeon, and saw 5 of its levels.

You collected 257 gold pieces.

Inventory:

Hand Weapons
 a - a +1 war axe (weapon)
 b - the +11 spear of Agony {venom, *Slow +Fly rElec}
   (You found it on level 4 of the Dungeon)

   It poisons the flesh of those it strikes.
   It insulates you from electricity.
   It lets you fly.
   It may slow you when you take damage.
Armour
 k - a +0 plate armour (worn)
Jewellery
 o - a +2 ring of dexterity (left hand)
 t - a +3 ring of protection (right hand)
 x - a cursed amulet of inaccuracy {unknown}
Scrolls
 e - a scroll of teleportation
 f - a scroll of blinking
 i - a scroll of remove curse
 m - a scroll of amnesia {unknown}
 n - a scroll of immolation {unknown}
 p - a scroll of identify {unknown}
 q - 2 scrolls of enchant weapon
 r - a scroll of magic mapping
 s - a scroll of noise {unknown}
 u - a scroll of fear {unknown}
 v - a scroll of enchant armour {unknown}
Potions
 d - a potion of lignification {unknown}
 g - a potion of mutation {unknown}
 h - 4 potions of agility {unknown}
 j - 2 potions of brilliance {unknown}
 l - 3 potions of curing {unknown}
 z - a potion of ambrosia {unknown}
Comestibles
 c - 5 rations
 w - a chunk of flesh


   Skills:
 + Level 5.5 Fighting
 * Level 7.0 Axes
 + Level 4.7 Armour
 + Level 4.3 Dodging


You had 6 spell levels left.
You didn't know any spells.
Your spell library was empty.

Dungeon Overview and Level Annotations

Branches:
Dungeon (5/15)
 Temple: D:4-7

Altars:
Cheibriados
Dithmenos
Fedhas
Hepliaklqana
Kikubaaqudgha

Shops:
D:4 (


Innate Abilities, Weirdness & Mutations

You reflexively headbutt those who attack you in melee.
You have a pair of horns on your head.


Message History

The yak bellows!
You hit the yak but do no damage.
You feel sick.
You are no longer poisoned.
The yak gores you. x2
You slash the yak!
The yak is moderately wounded.
You hit the yak. You slash the yak! The yak gores you!
The yak completely misses you. The yak gores you but does no damage.
The yak gores you.
* * * LOW HITPOINT WARNING * * *
The yak closely misses you. You furiously retaliate!
You headbutt the yak! The yak closely misses you. You furiously retaliate!
You headbutt the yak.
The yak gores you but does no damage. x2
You feel yourself speed up. The yak gores you but does no damage.
The yak gores you!
* * * LOW HITPOINT WARNING * * *
The yak gores you!
* * * LOW HITPOINT WARNING * * *
The yak gores you.
You die...

.......
#####.......
#..[.....)$.
#...........
#.....>..♣ .
#..Y!....♣♣).
#.YY.........
#.YY.......##
#.@..........
#.†..........
#............
####'######....
#....# ....
#....+ ..
#....# #....#
##########....#


You could see 5 yaks.

Vanquished Creatures
  A water moccasin (D:5)
  A sky beast (D:5)
  A howler monkey (D:3)
  A hound (D:4)
  An orc priest (D:4)
  A worker ant (D:3)
  2 iguanas
  3 orc wizards
  A howler monkey zombie (D:5)
  3 gnolls (D:2)
  4 adders
  2 oozes
  A worm (D:2)
  A dart slug (D:1)
  4 leopard geckos
  6 orcs
  8 bats
  5 giant cockroaches
  5 goblins
  4 hobgoblins
  10 jackals
  3 quokkas
  3 ball pythons
  A frilled lizard (D:2)
  6 kobolds
  5 rats
  A fungus (D:3)
  2 plants (D:3)
86 creatures vanquished.

Notes
Turn   | Place    | Note
-------+----------+-------------------------------------------
     0 | D:1      | XanderDroid the Minotaur Berserker began the quest for the
                  | Orb.
     0 | D:1      | Reached XP level 1. HP: 19/19 MP: 0/0
   139 | D:1      | Reached XP level 2. HP: 23/27 MP: 1/1
   169 | D:1      | Reached skill level 4 in Axes
   687 | D:2      | Reached XP level 3. HP: 30/33 MP: 2/2
   712 | D:2      | Found a shadowy altar of Dithmenos.
   882 | D:2      | Reached ** piety under Trog
   919 | D:2      | Reached XP level 4. HP: 35/40 MP: 3/3
  1303 | D:3      | Reached skill level 5 in Axes
  1439 | D:3      | Reached XP level 5. HP: 47/47 MP: 4/4
  1592 | D:3      | Found a transporter.
  1597 | D:3      | Found a transporter.
  1610 | D:3      | Found an ancient bone altar of Kikubaaqudgha.
  1610 | D:3      | Found a snail-covered altar of Cheibriados.
  1610 | D:3      | Found a hazy altar of Hepliaklqana.
  1786 | D:3      | Found a blossoming altar of Fedhas.
  1917 | D:4      | Found Sumiar's Weapon Shop.
  2247 | D:4      | Reached XP level 6. HP: 14/55 MP: 5/5
  2249 | D:4      | Reached skill level 5 in Fighting
  2249 | D:4      | Reached skill level 6 in Axes
  3081 | D:4      | Got a jewelled spear
  3083 | D:4      | Identified the +11 spear of Agony {venom, *Slow +Fly rElec}
                  | (You found it on level 4 of the Dungeon)
  3094 | D:5      | Entered Level 5 of the Dungeon
  3155 | D:5      | Noticed a sky beast
  3157 | D:5      | Noticed a water moccasin
  3168 | D:5      | Killed a sky beast
  3171 | D:5      | Killed a water moccasin
  3171 | D:5      | Reached *** piety under Trog
  3171 | D:5      | Reached XP level 7. HP: 50/61 MP: 6/6
  3179 | D:5      | Noticed a yak
  3180 | D:5      | Reached skill level 7 in Axes
  3184 | D:5      | Noticed a yak
  3185 | D:5      | Noticed a yak
  3186 | D:5      | Noticed a yak
  3186 | D:5      | Noticed a yak
  3193 | D:5      | HP: 1/61 [yak (8)]
  3194 | D:5      | Slain by a yak

Levels and vault maps discovered:
D:1:      roderic_dead_forest, layout_loops_ring
D:2:      layout_rooms, grunt_dithmenos_smoke, minmay_cupped
D:3:      layout_loops_ring, fedhas_altar_3, gammafunk_temple_overflow_arena
D:4:      layout_layer_cave, serial_shops, shop
D:5:      layout_basic, first_ration, grunt_ministairs_7, serial_park_tiny_1

Skill      XL: |  1  2  3  4  5  6  7 |
---------------+----------------------+-----
Axes           | 4 5 6 7 |  7.0
Fighting       | 4 5 |  5.5
Armour         | 3 4 |  4.7
Dodging        | 3 4 |  4.3

Action                   |  1- 3 |  4- 6 |  7- 9 || total
-------------------------+-------+-------+-------++-------
Melee: Hand axe          |    80 |    24 |       ||   104
       Headbutt          |    13 |    21 |     1 ||    35
       War axe           |       |   124 |     4 ||   128
Invok: Berserk           |       |     2 |       ||     2
  Use: Scroll            |       |     5 |       ||     5
  Eat: Chunk             |       |     8 |       ||     8
Armor: Animal skin       |     4 |       |       ||     4
       Plate armour      |    29 |    83 |     4 ||   116
Dodge: Dodged            |    32 |    53 |     6 ||    91

Table legend:
 A = Non-vault XP
 B = Vault XP
 C = Vault XP percentage of total XP
 D = Non-vault monster count
 E = Vault monster count
 F = Vault count percentage of total count
                 A         B        C        D         E       F
            +---------+---------+-------+---------+---------+-------
      Total |     839 |      58 |   6.5 |      79 |       4 |   4.8
            +---------+---------+-------+---------+---------+-------
        D:1 |      31 |       0 |   0.0 |      19 |       0 |   0.0
        D:2 |      71 |       2 |   2.7 |      17 |       1 |   5.6
        D:3 |     137 |      56 |  29.0 |      19 |       3 |  13.6
        D:4 |     251 |       0 |   0.0 |      18 |       0 |   0.0
        D:5 |     349 |       0 |   0.0 |       6 |       0 |   0.0
            +---------+---------+-------+---------+---------+-------
